 Dungeon Crawl Stone Soup version 0.26-a0-812-g31a745ddcd (webtiles) character file.

Game seed: 9026410994953359913

1230 Dracia the Firebug (level 8, 0/52 HPs)
             Began as a Demonspawn Fire Elementalist on Dec 3, 2020.
             Slain by a wight
             ... wielding a cursed +5 dagger
              (8 damage)
             ... on level 6 of the Dungeon.
             The game lasted 00:11:32 (6342 turns).

Dracia the Firebug (Demonspawn Fire Elementalist)   Turns: 6342, Time: 00:11:32

Health: 0/52       AC: 10    Str:  8 (10) XL:     8   Next: 24%
Magic:  0/11       EV: 11    Int: 16 (18) God:
Gold:   246        SH:  0    Dex: 13      Spells: 4/11 levels left

rFire    . . .     SeeInvis .   t - +3 dagger (speed)
rCold    + . .     Faith    .   (no shield)
rNeg     . . .     Spirit   +   l - +3 leather armour {rC+}
rPois    .         Reflect  .   w - +2 hat
rElec    .         Harm     .   (no cloak)
rCorr    .         Rampage  .   (no gloves)
MR       +....                  (no boots)
Stlth    ++........             (no amulet)
HPRegen  0.17/turn              d - ring of protection from magic
MPRegen  0.24/turn              p - ring of Heresy {Wiz Slay+5}

@: flying, hasted, very quick
A: antennae 1, yellow scales 1, magic shield, magic regeneration
a: no special abilities


You were on level 6 of the Dungeon.
You visited 2 branches of the dungeon, and saw 7 of its levels.

You collected 246 gold pieces.


Innate Abilities, Weirdness & Mutations

You have a pair of small antennae on your head.
You are partially covered in yellow scales. (AC +2)
When hurt, damage is shared between your health and your magic reserves.
You regenerate magic rapidly.


   Skills:
 - Level 1.7 Dodging
 - Level 1.7 Stealth
 - Level 2.0 Spellcasting
 + Level 6.3 Conjurations
 * Level 7.5 Fire Magic


You had 4 spell levels left.
You knew the following spells:

 Your Spells              Type           Power        Failure   Level
a - Conjure Flame         Conj/Fire      ###.....     2%          3
b - Inner Flame           Hex/Fire       ##......     8%          3
f - Foxfire               Conj/Fire      ###.         1%          1

Your spell library contained the following spells:

 Spells                   Type           Power        Failure   Level
 Magic Dart               Conj           ###.         1%          1
 Sticky Flame             Conj/Fire      ###.....     7%          4
 Mephitic Cloud           Conj/Pois/Air  #.......     16%         3
 Blink                    Tloc           N/A          17%         2
 Call Imp                 Summ           #.......     17%         2
 Slow                     Hex            #.......     17%         2
 Fireball                 Conj/Fire      ###.......   19%         5

Inventory:

Hand Weapons
 e - a +0 whip
 t - a +3 dagger of speed (weapon)
Missiles
 m - 19 poisoned darts (quivered)
Armour
 a - a +0 robe
 l - a +3 leather armour of cold resistance (worn)
 s - a +0 helmet of see invisible
 w - a +2 hat (worn)
Jewellery
 d - a ring of protection from magic (left hand)
 n - an uncursed ring of ice
 p - the ring of Heresy (right hand) {Wiz Slay+5}
   (You found it on level 5 of the Dungeon)

   [ring of wizardry]

   It improves your spell success rate.
   It affects your accuracy and damage with ranged weapons and melee attacks
   (+5).
 r - an uncursed amulet of faith {!P!P}
Wands
 q - a wand of polymorph (5)
Scrolls
 b - a scroll of magic mapping
 f - 9 scrolls of identify {@r1@r1}
 i - 5 scrolls of remove curse {@r2@r2}
Potions
 c - 2 potions of attraction
 g - a potion of haste {@q3@q3}
 h - a potion of curing {@q1@q1}
 j - a potion of might
 o - 2 potions of invisibility {unknown}
 u - a potion of mutation {unknown}
 v - a potion of flight

Dungeon Overview and Level Annotations

Branches:
Dungeon (5/15)             Temple (1/1) D:4

Altars:
Dithmenos
Elyvilon
Fedhas
Gozag
Kikubaaqudgha
Makhleb
Nemelex Xobeh
Qazlal
Sif Muna
Trog
Vehumet
Wu Jian
Xom
Yredelemnul
The Shining One

#...............#
#...............#
#...............#
#...............#
#...............#
###########.....#
#)....# #...z.#
#...z@# #...So#
#..zz.+ #.....#
o.).......
...........
............
............
...........


You could see 4 wights, an orc wizard (fast) and an adder.


Message History

* * * LOW HITPOINT WARNING * * *
The adder closely misses you.
The foxfire hits the wight.
The wight is heavily damaged.
The orc wizard closely misses you. The adder bites you but does no damage.
The wight hits you but does no damage. The wight barely misses you.
The wight hits you but does no damage. The wight misses you.
The orc wizard gestures wildly while chanting.
The orc wizard blinks!
As you read the scroll labelled YPUIDINN HULAMN, it crumbles to dust.
It is a scroll of enchant armour.
Your +2 leather armour of cold resistance glows green for a moment.
The adder completely misses you.
The orc wizard gestures at you while chanting.
The magic dart hits you.
* * * LOW HITPOINT WARNING * * *
The wight closely misses you. The wight completely misses you.
The wight closely misses you. The wight misses you. The adder bites you.
* * * LOW HITPOINT WARNING * * *
It was a potion of flight.
You feel very buoyant.
You fly up into the air.
The wight hits you but does no damage. The adder barely misses you.
The wight hits you from afar with a +0 halberd.
* * * LOW HITPOINT WARNING * * *
The wight hits you but does no damage.
It was a potion of haste.
You feel yourself speed up. The wight barely misses you.
The adder barely misses you.
The wight hits you with a cursed +5 dagger!
You die...

Skill      XL: |  1  2  3  4  5  6  7 |
---------------+----------------------+-----
Fire Magic     | 3 4 5 7 |  7.5
Conjurations   | 2 3 4 5 6 |  6.3
Dodging        | |  1.7
Stealth        | |  1.7
Spellcasting   | |  2.0

Action                   |  1- 3 |  4- 6 |  7- 9 || total
-------------------------+-------+-------+-------++-------
Melee: Whip              |     3 |     4 |       ||     7
       Unarmed           |     1 |       |       ||     1
       Dagger            |       |    12 |    11 ||    23
 Cast: Foxfire           |    94 |    99 |    98 ||   291
  Use: Scroll            |       |     6 |     2 ||     8
       Potion            |       |       |     6 ||     6
Armor: Robe              |    13 |       |       ||    13
       Leather armour    |     1 |    61 |    38 ||   100
Dodge: Dodged            |    40 |    61 |    64 ||   165

Levels and vault maps discovered:
D:1:      dpeg_arrival_oval, layout_basic, chequers_serial_rivers_room_b,
          nrook_uturn, minmay_hexomino_p4
D:2:      layout_loops_corners, minmay_puff
D:3:      layout_basic, serial_curves, eino_curves_04, eino_curves_03,
          uniq_sigmund, uniq_ijyb, uniq_robin
D:4:      layout_rooms, temple_doors_cd, grunt_decor_mini_mirrors
D:5:      layout_rooms
D:6:      layout_gridville, lemuel_round_altar, uniq_grinder
Temple:   minmay_freezing_vapour_temple

Notes
Turn   | Place    | Note
-------+----------+-------------------------------------------
     0 | D:1      | Dracia the Demonspawn Fire Elementalist began the quest for
                  | the Orb.
     0 | D:1      | Reached XP level 1. HP: 13/13 MP: 3/3
   326 | D:1      | Reached skill level 3 in Fire Magic
   332 | D:1      | Gained mutation: You are partially covered in yellow
                  | scales. (AC +2) [demonic ancestry]
   332 | D:1      | Reached XP level 2. HP: 19/19 MP: 0/5
   715 | D:1      | Reached skill level 2 in Conjurations
  1061 | D:1      | Gained mutation: When hurt, damage is shared between your
                  | health and your magic reserves. [demonic ancestry]
  1061 | D:1      | Reached XP level 3. HP: 24/24 MP: 3/6
  1544 | D:1      | Learned a level 3 spell: Conjure Flame
  2830 | D:3      | Noticed Sigmund
  2844 | D:3      | Killed Sigmund
  2844 | D:3      | Reached skill level 3 in Conjurations
  2844 | D:3      | Reached skill level 4 in Fire Magic
  2844 | D:3      | Reached XP level 4. HP: 30/30 MP: 0/7
  2844 | D:3      | Reached XP level 5. HP: 35/35 MP: 0/8
  2979 | D:3      | Reached skill level 4 in Conjurations
  3168 | D:3      | Reached XP level 6. HP: 35/41 MP: 0/9
  3430 | D:3      | Noticed Robin
  3461 | D:3      | Killed Robin
  4022 | D:3      | Noticed Ijyb
  4086 | D:3      | Killed Ijyb
  4086 | D:3      | Reached skill level 5 in Fire Magic
  4246 | D:3      | Learned a level 3 spell: Inner Flame
  4456 | D:4      | Reached skill level 5 in Conjurations
  4505 | D:4      | Gained mutation: You have a pair of small antennae on your
                  | head. [demonic ancestry]
  4505 | D:4      | Reached XP level 7. HP: 46/46 MP: 6/10
  4584 | D:4      | Reached skill level 6 in Fire Magic
  4933 | D:4      | HP: 3/46 [orc priest/+0 hand axe (2)]
  5476 | D:4      | Found a staircase to the Ecumenical Temple.
  5704 | Temple   | Entered the Ecumenical Temple
  5727 | D:5      | Entered Level 5 of the Dungeon
  5924 | D:5      | Got an ancient bone ring
  5925 | D:5      | Identified the ring of Heresy {Wiz Slay+5} (You found it on
                  | level 5 of the Dungeon)
  6208 | D:5      | You fall into a shaft and drop 1 floor!
  6218 | D:6      | Reached skill level 6 in Conjurations
  6218 | D:6      | Reached skill level 7 in Fire Magic
  6218 | D:6      | Gained mutation: You regenerate magic rapidly. [demonic
                  | ancestry]
  6218 | D:6      | Reached XP level 8. HP: 52/52 MP: 6/11
  6342 | D:6      | Slain by a wight

Vanquished Creatures
  Sigmund (D:3)
  A sky beast (D:5)
  An ice beast (D:6)
  2 ogres
  2 scorpions (D:4)
  4 wights
  2 orc priests
  A bullfrog skeleton (D:3)
  Ijyb (D:3)
  An orc wizard (D:3)
  5 worker ants
  A killer bee zombie (D:5)
  Robin (D:3)
  A worker ant zombie (D:5)
  A howler monkey skeleton (D:4)
  4 adders
  An ooze (D:3)
  4 worms
  2 dart slugs (D:1)
  3 leopard geckos
  8 orcs
  A ball python (D:3)
  6 bats
  4 giant cockroaches
  18 goblins
  14 hobgoblins
  8 jackals
  A quokka (D:3)
  A ball python skeleton (D:6)
  6 frilled lizards
  7 kobolds
  8 rats
121 creatures vanquished.

Vanquished Creatures (others)
  495 foxfires
495 creatures vanquished.

Grand Total: 616 creatures vanquished

Table legend: (Time is in decaauts)
 A = Elapsed time spent in this place.
 B = Non-inter-level travel time spent in this place.
 C = Inter-level travel time spent in this place.
 D = Time resting spent in this place.
 E = Time spent auto-exploring this place.
 F = Levels seen in this place.
 G = Mean time per level.
                   A        B        C        D        E       F      G
               +--------+--------+--------+--------+--------+-----+--------+
         Total |   6332 |   6255 |     77 |    350 |   4598 |   7 |  904.6 |
       Dungeon |   6322 |   6251 |     71 |    350 |   4598 |   6 | 1053.7 |
        Temple |      9 |      4 |      5 |      0 |      0 |   1 |    9.0 |
               +--------+--------+--------+--------+--------+-----+--------+

Top non-repeatable levels by time:
     D:1: 1674 daAuts
     D:3: 1477 daAuts
     D:4: 1461 daAuts
     D:2: 1096 daAuts
     D:5: 478 daAuts
     D:6: 133 daAuts
  Temple: 9 daAuts

Table legend:
 A = Non-vault XP
 B = Vault XP
 C = Vault XP percentage of total XP
 D = Non-vault monster count
 E = Vault monster count
 F = Vault count percentage of total count
                 A         B        C        D         E       F
            +---------+---------+-------+---------+---------+-------
      Total |    1470 |     288 |  16.4 |     101 |      20 |  16.5
            +---------+---------+-------+---------+---------+-------
        D:1 |      50 |       6 |  10.7 |      27 |       3 |  10.0
        D:2 |      15 |       6 |  28.6 |      10 |       4 |  28.6
        D:3 |     156 |     276 |  63.9 |      27 |      13 |  32.5
        D:4 |     597 |       0 |   0.0 |      21 |       0 |   0.0
        D:5 |     297 |       0 |   0.0 |      11 |       0 |   0.0
        D:6 |     355 |       0 |   0.0 |       5 |       0 |   0.0
            +---------+---------+-------+---------+---------+-------
